 Dungeon Crawl Stone Soup version 0.20.1-1-g8b1a95d (webtiles) character file.

13 tidbits the Insei (level 2, 0/23 HPs)
             Began as a Demigod Transmuter on Aug 17, 2017.
             Slain by a gnoll
             ... wielding a +0 spear
              (9 damage)
             ... on level 2 of the Dungeon.
             The game lasted 00:03:17 (382 turns).

tidbits the Insei (Demigod Transmuter)               Turns: 382, Time: 00:03:17

Health: 0/23       AC:  3    Str: 13    XL:     2   Next: 12%
Magic:  4/7        EV: 12    Int: 17    God:
Gold:   89         SH:  0    Dex: 16    Spells: 1/4 levels left

rFire    . . .     SeeInvis .     - Unarmed
rCold    . . .     Gourm    .   (no shield)
rNeg     . . .     Faith    .   B - +0 robe
rPois    .         Spirit   .   E - +0 helmet
rElec    .         Reflect  .   (no cloak)
rCorr    .         Harm     .   (no gloves)
MR       .....                  (boots currently unavailable)
Stlth    +.........             (no amulet)
Regen    0.1/turn               (no ring)
MPRegen  0.1/turn               (no ring)

@: appendage (expiring)
A: talons 3, high mp 1
a: End Transformation


You were on level 2 of the Dungeon.
You were not hungry.
You had grown temporary talons.
You visited 1 branch of the dungeon, and saw 2 of its levels.

You collected 89 gold pieces.

Inventory:

Missiles
 a - 10 arrows
 e - 24 stones (quivered)
 f - 12 poisoned needles
Armour
 B - a +0 robe (worn)
 E - a +0 helmet (worn)
Scrolls
 g - a scroll of identify {unknown}
Books
 c - a book of Changes

   Spells                             Type                      Level
   a - Beastly Appendage              Transmutation                1
   b - Sticks to Snakes               Transmutation                2
   c - Spider Form                    Transmutation/Poison         3
   d - Ice Form                       Ice/Transmutation            4
   e - Blade Hands                    Transmutation                5
Comestibles
 d - 2 bread rations


   Skills:
 - Level 1.0 Fighting
 - Level 1.7 Dodging
 + Level 3.3 Unarmed Combat
 - Level 1.7 Spellcasting
 - Level 1.7 Transmutations


You had one spell level left.
You knew the following spells:

 Your Spells              Type           Power        Failure   Level  Hunger
e - Beastly Appendage     Tmut           #.....       10%         1    #......
k - Sticks to Snakes      Tmut           #.......     14%         2    ###....


Dungeon Overview and Level Annotations

Branches:
Dungeon (2/15)


Innate Abilities, Weirdness & Mutations

You have an increased reservoir of magic. (+10% MP)
You have claws for feet.


Message History

There is a stone staircase leading up here.
Your ball python bites the giant cockroach but does no damage.
Your ball python barely misses the giant cockroach.
The giant cockroach bites you.
* * * LOW HITPOINT WARNING * * *
You climb upwards.
There is a stone staircase leading down here.
You punch the giant cockroach!
You kill the giant cockroach!
Found 12 poisoned needles.
Found a robe and 11 gold pieces.
Found a short sword.
You see here 12 poisoned needles.
f - 12 poisoned needles You now have 61 gold pieces (gained 11).
Found 15 gold pieces.
You now have 76 gold pieces (gained 15).
Found a scroll labeled UXTIDE SIEDA and 7 gold pieces.
g - a scroll labeled UXTIDE SIEDA You now have 83 gold pieces (gained 7).
Found an escape hatch in the floor.
A bat comes into view.
Found a stone staircase leading down.
The helpless bat fails to defend itself.
You hit the bat.
The bat is moderately wounded.
The bat barely misses you.
Casting: Sticks to Snakes
Confirm with . or Enter, or press ? or * to list all spells.
You grow a pair of large bovine horns.
The bat closely misses you.
You closely miss the bat. Your headbutt misses the bat.
The bat hits you but does no damage.
Throwing (i - inventory):
e - 24 stones (quivered)
Press: ? - help, Shift-Dir - straight line, f - bat
Aim: a bat You throw a stone.
The stone closely misses the bat.
Your transformation is almost over.
The bat barely misses you. The bat closely misses you. The bat misses you.
You punch the bat!
You kill the bat!
A rat comes into view.
You see here a bat corpse.
You see here a stone.
e - 24 stones (gained 1)
Found 6 gold pieces.
There is an escape hatch in the floor here.
Found a helmet.
The rat bites you.
You hit the rat but do no damage.
Your horns disappear.
The rat bites you.
You barely miss the rat. The rat closely misses you.
You barely miss the rat. The rat barely misses you.
You barely miss the rat. The rat barely misses you.
You hit the rat but do no damage. The rat misses you.
You completely miss the rat. The rat closely misses you.
You hit the rat.
You kill the rat!
You now have 89 gold pieces (gained 6).
You see here a helmet.
h - a helmet Wear which item? (? for menu, Esc to quit)
You start putting on your armour.
You continue putting on your helmet. x4
You finish putting on your +0 helmet.
Adjust (i)tems, (s)pells, or (a)bilities?
Adjust which item? (? for menu, Esc to quit)
h - a +0 helmet (worn)
Adjust to which letter? (? for menu, Esc to quit)
E - a +0 helmet (worn)
Adjust (i)tems, (s)pells, or (a)bilities?
Adjust which item? (? for menu, Esc to quit)
b - a +0 robe (worn)
Adjust to which letter? (? for menu, Esc to quit)
B - a +0 robe (worn)
There is a stone staircase leading down here.
There is a stone staircase leading down here.
Casting: Beastly Appendage
Confirm with . or Enter, or press ? or * to list all spells.
Your feet morph into talons.
Your transformation is almost over.
You climb downwards.
Found an escape hatch in the floor.
There is a stone staircase leading up here.
The gnoll hits you with a spear.
Found 2 gold pieces.
You barely miss the gnoll. You claw the gnoll.
The gnoll is heavily wounded.
The gnoll hits you with a spear!
* * * LOW HITPOINT WARNING * * *
Casting: Beastly Appendage
Confirm with . or Enter, or press ? or * to list all spells.
You create a snake!
You now have 10 arrows.
The gnoll misses you.
You hit the gnoll. You claw the gnoll, but do no damage.
The gnoll is almost dead.
The gnoll hits you but does no damage. The gnoll closely misses you.
You hit the gnoll but do no damage.
The gnoll is almost dead.
Your adder completely misses the gnoll.
The gnoll barely misses you.
The gnoll hits you from afar with a spear!
You die...

# .. ... ....
.....#### .......<#
>....##@#########
.....((Sg.......#####
.....##.#g..........##
.... #.#.####w....w..
... #.#<# #..###.## $.
.!##.#.####..# .
!......Sg.....#
.#.##.#.####..# .....#
#..#


You could see a worm, 2 gnolls and a friendly adder.

Vanquished Creatures
  A dart slug (D:1)
  A ball python (D:1)
  2 giant cockroaches (D:1)
  A hobgoblin (D:1)
  3 bats (D:1)
  A frilled lizard (D:1)
  A kobold (D:1)
  2 rats (D:1)
12 creatures vanquished.

Notes
Turn   | Place    | Note
-------+----------+-------------------------------------------
     0 | D:1      | tidbits the Demigod Transmuter began the quest for the Orb.
     0 | D:1      | Reached XP level 1. HP: 15/15 MP: 5/5
    17 | D:1      | Reached skill level 1 in Fighting
    65 | D:1      | Reached skill level 3 in Unarmed Combat
   179 | D:1      | Reached XP level 2. HP: 13/23 MP: 4/7
   185 | D:1      | Learned a level 2 spell: Sticks to Snakes
   382 | D:2      | Slain by a gnoll

Skill      XL: |  1 |
---------------+----+-----
Fighting       | 1 |  1.0
Unarmed Combat | 3 |  3.3
Dodging        | |  1.7
Spellcasting   | |  1.7
Transmutations | |  1.7

Action                   || total
-------------------------++-------
Melee: Unarmed           ||    31
       Headbutt          ||     6
       Kick              ||     3
Throw: Tomahawk          ||    14
       Stone             ||     2
 Cast: Beastly Appendage ||    10
       Sticks to Snakes  ||     2
 Stab: Sleeping          ||     1
Armor: Robe              ||     3
Dodge: Dodged            ||    25

Table legend:
 A = Turns spent in this place as a percentage of turns spent in the entire game.
 B = Non-inter-level travel turns spent in this place as a percentage of non-inter-level travel turns spent in the entire game.
 C = Inter-level travel turns spent in this place as a percentage of turns spent in this place.
 D = Turns resting spent in this place as a percentage of non-inter-level travel turns spent in this place.
 E = Turns spent auto-exploring this place as a percentage of non-inter-level travel turns spent in this place.
 F = Non-inter-level travel turns spent in this place divided by the number of levels of this place that you've seen.
                   A       B       C       D       E      F
               +-------+-------+-------+-------+-------+----------------------
         Total | 100.0 | 100.0 |   0.0 |   0.0 |   0.0 | 171.0
       Dungeon | 100.0 | 100.0 |   0.0 |   0.0 |   0.0 | 171.0
               +-------+-------+-------+-------+-------+----------------------

Table legend:
 A = Kills in this place as a percentage of kills in entire the game.
 B = Kills by you in this place as a percentage of kills by you in the entire game.
 C = Kills by friends in this place as a percentage of kills by friends in the entire game.
 D = Other kills in this place as a percentage of other kills in the entire game.
 E = Experience gained in this place as a percentage of experience gained in the entire game.
 F = Experience gained in this place divided by the number of levels of this place that you have seen.
                   A       B       C       D       E      F
               +-------+-------+-------+-------+-------+----------------------
         Total | 100.0 | 100.0 |  -nan |  -nan | 100.0 |   9.5
       Dungeon | 100.0 | 100.0 |  -nan |  -nan | 100.0 |   9.5
               +-------+-------+-------+-------+-------+----------------------

Vault maps used:
D:1:      dpeg_arrival_tiny_d
D:2:      lemuel_crystal_altar, led_sif_pool, minivault_19
